Monsters vs Admirals
(R1)
Created - May 26, 2022 at 19:34
Goals
|
| Monsters |
3 |
1 |
0 |
4 |
| Admirals |
2 |
0 |
1 |
3 |
|
Shots
|
| Monsters |
8 |
5 |
10 |
23 |
| Admirals |
14 |
14 |
3 |
31 |
|
1st period
1. Admirals , Blake Geoffrion 33 (Andreas Englund 15, Hunter Shinkaruk 13) at 1:22
2. Admirals , Nicolas Kerdiles 63 (Markus Granlund 56) at 1:40 (PP)
3. Monsters , Matt Calvert 43 (Aaron Ness 52, Zac Dalpe 10) at 3:46
4. Monsters , Matt Calvert 44 (Zac Dalpe 11) at 5:38 (PP)
5. Monsters , Matt Calvert 45 (Aaron Ness 53) at 13:01 (SH)
Penalties :
Tarmo Reunanen (Cle) for Hooking (Minor) at 1:33, Mark McNeill (Mil) for Tripping (Minor) at 5:36, Zac Dalpe (Cle) for Kneeing (Minor) at 12:50, Mark McNeill (Mil) for Holding Stick (Minor) at 18:26
2nd period
6. Monsters , Jared Knight 8 (Aaron Ness 54, Morgan Rielly 41) at 4:47
Penalties :
Ondrej Kase (Cle) for Charging (Minor) at 10:27, Matt Calvert (Cle) for Hooking (Minor) at 14:15, Hunter Shinkaruk (Mil) for Delaying the game (Minor) at 16:41, Matt Grzelcyk (Cle) for Slashing (Minor) at 18:26
3rd period
7. Admirals , Nicolas Kerdiles 64 (Josh Morrissey 31, T.J Brodie 25) at 14:19 (PP)
Penalties :
Markus Granlund (Mil) for Hooking (Minor) at 0:37, Joel Armia (Mil) for High sticking (Minor) at 4:07, Nicolas Kerdiles (Mil) for Roughing (Minor) at 9:57, Tarmo Reunanen (Cle) for Tripping (Minor) at 14:08, Matt Grzelcyk (Cle) for Interference (Minor) at 15:12, Mattias Backman (Mil) for Hooking (Minor) at 18:14
Goalie Stats
Phoenix Copley (Cle), 28 saves from 31 shots - (0.903), W, 12-14-1, 60:00 minutes
Felix Sanstrom (Mil), 5 saves from 9 shots - (0.556), L, 9-11-1, 24:47 minutes
Tristan Jarry (Mil), 14 saves from 14 shots - (1.000), 35:13 minutes
Players Stats for Monsters
Player Name G A P +/- PIM S H SB GA TA FO MP PP MP PK MP
------------------------------------------------------------------------------------
Aaron Ness 0 3 3 3 0 2 1 1 1 2 0/0 27:42 6:11 5:37
Austin Watson 0 0 0 0 0 2 2 0 0 2 1/1 16:57 4:49 1:48
Bobby Farnham 0 0 0 1 0 1 0 0 1 0 0/0 10:19 0:03 0:00
Cameron Hughes 0 0 0 0 0 0 0 0 0 0 0/0 1:21 0:00 1:21
Christian Hanson 0 0 0 0 0 5 6 0 0 0 5/10 17:55 4:49 2:37
Dillon Heatherington 0 0 0 -1 0 0 0 2 1 1 0/0 22:17 5:17 4:22
Francis Perron 0 0 0 1 0 0 0 0 0 0 1/2 2:50 0:00 2:47
Jared Knight 1 0 1 1 0 1 2 0 1 0 2/4 10:16 0:00 0:00
Joakim Nordstrom 0 0 0 1 0 1 2 1 0 0 0/0 10:16 0:00 0:00
Marc Michaelis 0 0 0 -1 0 2 1 1 0 0 0/0 7:14 0:00 0:00
Matt Calvert 3 0 3 2 2 5 0 0 0 0 0/0 21:58 6:36 4:49
Matt Grzelcyk 0 0 0 -1 4 1 2 0 0 2 0/0 20:42 5:16 2:47
Maxim Mamin 0 0 0 0 0 0 0 0 0 0 0/0 0:06 0:06 0:00
Mitch Marner 0 0 0 0 0 1 1 0 0 0 0/0 15:09 4:49 0:00
Morgan Rielly 0 1 1 3 0 0 1 1 0 0 0/0 27:42 6:11 5:37
Ondrej Kase 0 0 0 1 2 2 2 0 0 0 1/1 19:01 6:33 2:03
Patrik Laine 0 0 0 0 0 0 0 0 0 0 0/0 0:03 0:03 0:00
Richard Nejezchleb 0 0 0 -1 0 0 0 0 0 0 0/0 7:14 0:00 0:00
Ryan Fitzgerald 0 0 0 -1 0 0 1 1 0 1 0/5 7:14 0:00 0:00
Tarmo Reunanen 0 0 0 0 4 0 0 2 0 0 0/0 11:20 0:00 1:28
Victor Mete 0 0 0 0 0 0 0 0 0 0 0/0 10:22 0:00 0:07
Zac Dalpe 0 2 2 1 2 0 2 0 0 2 16/33 21:42 6:36 4:33
Players Stats for Admirals
Player Name G A P +/- PIM S H SB GA TA FO MP PP MP PK MP
------------------------------------------------------------------------------------
Andreas Englund 0 1 1 0 0 0 1 0 0 0 0/0 19:30 4:00 4:14
Anton Gustafsson 0 0 0 0 0 2 2 2 0 0 5/9 16:26 4:10 1:08
Blake Geoffrion 1 0 1 1 0 3 5 0 1 0 0/0 13:23 4:10 1:29
Brett Connolly 0 0 0 -1 0 0 2 0 0 0 1/1 7:27 0:00 0:00
Carl Dahlstrom 0 0 0 0 0 0 0 0 0 1 0/0 9:18 0:00 0:00
Christian Djoos 0 0 0 0 0 0 0 1 0 0 0/0 4:15 0:00 0:00
Freddie Hamilton 0 0 0 -1 0 0 1 0 0 0 2/2 7:36 0:00 0:09
Hunter Shinkaruk 0 1 1 -1 2 0 0 0 0 0 0/0 7:28 0:02 0:00
Joel Armia 0 0 0 -2 2 3 0 0 0 0 0/1 17:41 5:47 0:00
Josh Morrissey 0 1 1 -2 0 4 1 0 2 1 0/0 26:57 5:59 7:14
Kasper Bjorkqvist 0 0 0 1 0 2 1 0 1 1 0/0 11:44 4:10 0:00
Lucas Wallmark 0 0 0 1 0 0 0 0 0 0 1/2 7:22 0:00 0:00
Mark MacMillan 0 0 0 0 0 0 0 0 0 0 0/0 0:00 0:00 0:00
Mark McNeill 0 0 0 0 4 0 1 0 1 0 2/7 15:58 0:00 4:55
Markus Granlund 0 1 1 -2 2 4 1 0 2 0 15/27 20:52 5:49 2:37
Mattias Backman 0 0 0 0 2 2 1 0 0 0 0/0 9:17 0:00 0:00
Nicolas Deslauriers 0 0 0 0 0 3 1 3 1 0 2/2 17:31 0:00 6:29
Nicolas Kerdiles 2 0 2 -2 2 3 2 1 1 0 2/3 20:43 5:49 2:28
Olli Juolevi 0 0 0 0 0 0 0 0 0 0 0/0 4:15 0:00 0:00
Riley Barber 0 0 0 0 0 0 0 0 0 0 0/2 4:01 0:00 3:41
T.J Brodie 0 1 1 -2 0 4 1 4 1 0 0/0 26:57 5:59 7:14
Travis Dermott 0 0 0 0 0 1 0 0 0 1 0/0 19:30 4:00 4:14
3 Stars
1 - Matt Calvert (Cle)
2 - Aaron Ness (Cle)
3 - Blake Geoffrion (Mil)
Power Play
Monsters - 1 on 7 Attempt(s) - 14.29%
Admirals - 2 on 7 Attempt(s) - 28.57%
Penalty Kill
Monsters - 5 on 7 Attempt(s) - 71.43%
- Score 1 goal in Penalty Kill
Admirals - 6 on 7 Attempt(s) - 85.71%
- Score 0 goal in Penalty Kill
Team Stat
Monsters - Hits : 23 - Faceoff Wins : 26 - Blocked Shots : 9 - Penalty Minutes : 14
Admirals - Hits : 20 - Faceoff Wins : 30 - Blocked Shots : 11 - Penalty Minutes : 14
Official
Referees : Peter MacDougall and Eric Furlatt
Linesman : Matt MacPherson and Andrew Smith
Game Notes
Matt Calvert has scored a Hat Trick!
Tristan Jarry enters game at 4:47 of 2nd period
Finance
Level 1 -- Attendance: 1965 (98.25%) -- Ticket Income $68,775
Level 2 -- Attendance: 887 (88.70%) -- Ticket Income $13,305
Total Attendance: 2852 (95.07%)
Total Ticket Income: $82,080
Other Income: $4,104
Total Income: $86,184
Monsters
5 vs 5 Forward
Center Left Wing Right Wing Time % Phy DF OF
1 Zac Dalpe Matt Calvert Ondrej Kase 40 1 2 2
2 Christian Hanson Austin Watson Mitch Marner 30 1 2 2
3 Jared Knight Joakim Nordstrom Bobby Farnham 20 1 2 2
4 Ryan Fitzgerald Marc Michaelis Richard Nejezchleb 10 1 2 2
5 vs 5 Defense
Defense Defense Time % Phy DF OF
1 Morgan Rielly Aaron Ness 40 1 2 2
2 Dillon Heatherington Matt Grzelcyk 30 1 2 2
3 Victor Mete Tarmo Reunanen 20 1 2 2
4 Morgan Rielly Aaron Ness 10 1 2 2
PowerPlay Forward
Center Left Wing Right Wing Time % Phy DF OF
1 Zac Dalpe Matt Calvert Ondrej Kase 60 1 2 2
2 Christian Hanson Austin Watson Mitch Marner 40 1 2 2
PowerPlay Defense
Defense Defense Time % Phy DF OF
1 Morgan Rielly Aaron Ness 60 1 2 2
2 Dillon Heatherington Matt Grzelcyk 40 1 2 2
Penalty Kill 4 Players Forward
Center Wing Time % Phy DF OF
1 Zac Dalpe Matt Calvert 60 1 2 2
2 Christian Hanson Ondrej Kase 40 1 2 2
Penalty Kill 4 Players Defense
Defense Defense Time % Phy DF OF
1 Morgan Rielly Aaron Ness 60 1 2 2
2 Dillon Heatherington Matt Grzelcyk 40 1 2 2
Penalty Kill - 3 Players Forward
Forward Time % Phy DF OF
1 Zac Dalpe 60 1 2 2
2 Matt Calvert 40 1 2 2
Penalty Kill - 3 Players Defense
Defense Defense Time % Phy DF OF
1 Morgan Rielly Aaron Ness 60 1 2 2
2 Dillon Heatherington Matt Grzelcyk 40 1 2 2
4 vs 4 Forward
Center Wing Time % Phy DF OF
1 Zac Dalpe Matt Calvert 60 1 2 2
2 Christian Hanson Ondrej Kase 40 1 2 2
4 vs 4 Defense
Defense Defense Time % Phy DF OF
1 Morgan Rielly Aaron Ness 60 1 2 2
2 Dillon Heatherington Matt Grzelcyk 40 1 2 2
Last Minutes Offensive
Center Left Wing Right Wing Defense Defense
Zac Dalpe Matt Calvert Ondrej Kase Morgan Rielly Aaron Ness
Last Minutes Defensive
Center Left Wing Right Wing Defense Defense
Zac Dalpe Matt Calvert Ondrej Kase Morgan Rielly Aaron Ness
Goaltenders
Starting : Phoenix Copley
Backup : Eric Comrie
Extra Forwards
Normal : Maxim Mamin, Patrik Laine, Francis Perron - PP : Maxim Mamin, Patrik Laine - PK : Francis Perron
Extra Defensemen
Normal : Victor Mete, Tarmo Reunanen, Dillon Heatherington - PP : Victor Mete - PK : Tarmo Reunanen, Dillon Heatherington
Penalty Shots
Zac Dalpe, Matt Calvert, Christian Hanson, Ondrej Kase, Mitch Marner
Scratches
Nathan Noel (Broken Bone (Left Arm) Injury), Peyton Jones (Healthy)
Admirals
5 vs 5 Forward
Center Left Wing Right Wing Time % Phy DF OF
1 Markus Granlund Nicolas Kerdiles Joel Armia 40 1 2 2
2 Anton Gustafsson Nicolas Deslauriers Mark McNeill 30 1 2 2
3 Lucas Wallmark Blake Geoffrion Kasper Bjorkqvist 20 1 2 2
4 Freddie Hamilton Hunter Shinkaruk Brett Connolly 10 1 2 2
5 vs 5 Defense
Defense Defense Time % Phy DF OF
1 Josh Morrissey T.J Brodie 40 1 2 2
2 Andreas Englund Travis Dermott 30 1 2 2
3 Carl Dahlstrom Mattias Backman 20 1 2 2
4 Christian Djoos Olli Juolevi 10 1 2 2
PowerPlay Forward
Center Left Wing Right Wing Time % Phy DF OF
1 Markus Granlund Nicolas Kerdiles Joel Armia 60 1 2 2
2 Anton Gustafsson Blake Geoffrion Kasper Bjorkqvist 40 1 2 2
PowerPlay Defense
Defense Defense Time % Phy DF OF
1 Josh Morrissey T.J Brodie 60 1 2 2
2 Andreas Englund Travis Dermott 40 1 2 2
Penalty Kill 4 Players Forward
Center Wing Time % Phy DF OF
1 Mark McNeill Nicolas Deslauriers 60 1 2 2
2 Markus Granlund Nicolas Kerdiles 40 1 2 2
Penalty Kill 4 Players Defense
Defense Defense Time % Phy DF OF
1 Josh Morrissey T.J Brodie 60 1 2 2
2 Andreas Englund Travis Dermott 40 1 2 2
Penalty Kill - 3 Players Forward
Forward Time % Phy DF OF
1 Mark McNeill 60 1 2 2
2 Nicolas Deslauriers 40 1 2 2
Penalty Kill - 3 Players Defense
Defense Defense Time % Phy DF OF
1 Josh Morrissey T.J Brodie 60 1 2 2
2 Andreas Englund Travis Dermott 40 1 2 2
4 vs 4 Forward
Center Wing Time % Phy DF OF
1 Markus Granlund Nicolas Kerdiles 60 1 2 2
2 Anton Gustafsson Joel Armia 40 1 2 2
4 vs 4 Defense
Defense Defense Time % Phy DF OF
1 Josh Morrissey T.J Brodie 60 1 2 2
2 Andreas Englund Travis Dermott 40 1 2 2
Last Minutes Offensive
Center Left Wing Right Wing Defense Defense
Markus Granlund Nicolas Kerdiles Joel Armia Josh Morrissey T.J Brodie
Last Minutes Defensive
Center Left Wing Right Wing Defense Defense
Markus Granlund Nicolas Kerdiles Mark McNeill Josh Morrissey T.J Brodie
Goaltenders
Starting : Felix Sanstrom
Backup : Tristan Jarry
Extra Forwards
Normal : Riley Barber, Kasper Bjorkqvist, Blake Geoffrion - PP : Kasper Bjorkqvist, Riley Barber - PK : Riley Barber
Extra Defensemen
Normal : Olli Juolevi, Christian Djoos, Travis Dermott - PP : Olli Juolevi - PK : Christian Djoos, Carl Dahlstrom
Penalty Shots
Nicolas Kerdiles, Markus Granlund, Joel Armia, Anton Gustafsson, Kasper Bjorkqvist
Scratches
Adam Almquist (Healthy), Alexandre Mallet (Healthy), Chris Lawrence (Healthy), Filip Chlapik (Healthy), Josh Wesley (Healthy)
Ryan Olsen (Healthy), Sergei Zborovskiy (Healthy), Stanislav Galiev (Healthy), Trevor Van Riemsdyk (Strained Right Knee Injury), Troy Bourke (Healthy)
Carsen Twarynski (Healthy), Libor Hajek (Healthy), Linus Ullmark (Healthy)
% Time on Ice - Monsters
Lines # - Real PCT - Wanted PCT - Time Play
Normal Forward
1 - 27% - 40% - 10:20
2 - 27% - 30% - 10:29
3 - 27% - 20% - 10:16
4 - 19% - 10% - 7:14
Normal Defense
1 - 39% - 40% - 14:48
2 - 33% - 30% - 12:31
3 - 26% - 20% - 9:54
4 - 3% - 10% - 1:06
PP Forward
1 - 58% - 60% - 6:39
2 - 42% - 40% - 4:49
PP Defense
1 - 54% - 60% - 6:11
2 - 46% - 40% - 5:17
PK Forward
1 - 74% - 60% - 7:22
2 - 26% - 40% - 2:37
PK Defense
1 - 56% - 60% - 5:37
2 - 44% - 40% - 4:22
PK3 Forward
1 - 0% - 60%
2 - 0% - 40%
PK3 Defense
1 - 0% - 60%
2 - 0% - 40%
44 Forward
1 - 100% - 60% - 0:14
2 - 0% - 40% - 0:00
44 Defense
1 - 0% - 60% - 0:00
2 - 100% - 40% - 0:14
Last Minute Offensive - 0:00
Last Minute Defensive - 0:00
Total
Forward - 60:00
Defense - 60:00
|
% Time on Ice - Admirals
Lines # - Real PCT - Wanted PCT - Time Play
Normal Forward
1 - 32% - 40% - 12:14
2 - 29% - 30% - 11:16
3 - 19% - 20% - 7:22
4 - 19% - 10% - 7:27
Normal Defense
1 - 35% - 40% - 13:30
2 - 29% - 30% - 11:16
3 - 24% - 20% - 9:18
4 - 11% - 10% - 4:15
PP Forward
1 - 58% - 60% - 5:49
2 - 42% - 40% - 4:10
PP Defense
1 - 60% - 60% - 5:59
2 - 40% - 40% - 4:00
PK Forward
1 - 71% - 60% - 8:09
2 - 29% - 40% - 3:19
PK Defense
1 - 63% - 60% - 7:14
2 - 37% - 40% - 4:14
PK3 Forward
1 - 0% - 60%
2 - 0% - 40%
PK3 Defense
1 - 0% - 60%
2 - 0% - 40%
44 Forward
1 - 100% - 60% - 0:14
2 - 0% - 40% - 0:00
44 Defense
1 - 100% - 60% - 0:14
2 - 0% - 40% - 0:00
Last Minute Offensive - 0:00
Last Minute Defensive - 0:00
Total
Forward - 60:00
Defense - 60:00
|
Play-by-Play
1st period
0:01 of 1st period - Markus Granlund wins face-off versus Zac Dalpe in neutral zone.
0:38 of 1st period - Aaron Ness is hit by Anton Gustafsson and loses puck.
0:48 of 1st period - Off-side.
0:49 of 1st period - Freddie Hamilton wins face-off versus Jared Knight in neutral zone.
1:20 of 1st period - Slapshot by Blake Geoffrion.
1:20 of 1st period - Shot Blocked by Marc Michaelis.
1:22 of 1st period - Snap shot by Andreas Englund.
1:22 of 1st period - Deflect By Blake Geoffrion.
1:22 of 1st period - Goal by Blake Geoffrion - Monsters : 0 - Admirals : 1.
1:23 of 1st period - Markus Granlund wins face-off versus Zac Dalpe in neutral zone.
1:30 of 1st period - Snap shot by Nicolas Kerdiles.
1:30 of 1st period - Deflect By Joel Armia.
1:30 of 1st period - Stopped by Phoenix Copley without a rebound.
1:31 of 1st period - Zac Dalpe wins face-off versus Markus Granlund in Monsters zone.
1:33 of 1st period - Minor Penalty to Tarmo Reunanen for Hooking.
1:34 of 1st period - Nicolas Kerdiles wins face-off versus Zac Dalpe in Monsters zone.
1:38 of 1st period - Snap shot by Nicolas Kerdiles.
1:38 of 1st period - Stopped by Phoenix Copley with a rebound.
1:40 of 1st period - Snap shot by Nicolas Kerdiles.
1:40 of 1st period - Goal by Nicolas Kerdiles - Monsters : 0 - Admirals : 2.
1:41 of 1st period - Markus Granlund wins face-off versus Zac Dalpe in neutral zone.
2:39 of 1st period - Wrist shot by Blake Geoffrion.
2:39 of 1st period - Stopped by Phoenix Copley with a rebound.
2:56 of 1st period - Icing by Josh Morrissey.
2:57 of 1st period - Brett Connolly wins face-off versus Zac Dalpe in Admirals zone.
3:06 of 1st period - Off-side.
3:07 of 1st period - Zac Dalpe wins face-off versus Markus Granlund in neutral zone.
3:10 of 1st period - Slapshot by Matt Calvert.
3:10 of 1st period - Shot Misses the Net.
3:12 of 1st period - Wrist shot by Zac Dalpe.
3:12 of 1st period - Shot Misses the Net.
3:30 of 1st period - Snap shot by Zac Dalpe.
3:30 of 1st period - Shot Misses the Net.
3:34 of 1st period - Wrist shot by Zac Dalpe.
3:34 of 1st period - Deflect By Ondrej Kase.
3:34 of 1st period - Stopped by Felix Sanstrom with a rebound.
3:36 of 1st period - Wrist shot by Matt Calvert.
3:36 of 1st period - Shot Misses the Net.
3:42 of 1st period - Snap shot by Matt Calvert.
3:42 of 1st period - Stopped by Felix Sanstrom with a rebound.
3:44 of 1st period - Slapshot by Aaron Ness.
3:44 of 1st period - Shot Blocked by Nicolas Kerdiles.
3:46 of 1st period - Wrist shot by Matt Calvert.
3:46 of 1st period - Goal by Matt Calvert - Monsters : 1 - Admirals : 2.
3:47 of 1st period - Anton Gustafsson wins face-off versus Christian Hanson in neutral zone.
4:13 of 1st period - Joakim Nordstrom is hit by Blake Geoffrion and loses puck.
4:44 of 1st period - Snap shot by Joel Armia.
4:44 of 1st period - Stopped by Phoenix Copley without a rebound.
4:45 of 1st period - Christian Hanson wins face-off versus Anton Gustafsson in Monsters zone.
4:45 of 1st period - Christian Hanson is hit by Anton Gustafsson.
4:53 of 1st period - Snap shot by Mitch Marner.
4:53 of 1st period - Shot Misses the Net.
4:55 of 1st period - Snap shot by Aaron Ness.
4:55 of 1st period - Deflect By Austin Watson.
4:55 of 1st period - Shot Blocked by Anton Gustafsson.
4:55 of 1st period - Puck is out of play.
4:56 of 1st period - Christian Hanson wins face-off versus Anton Gustafsson in Admirals zone.
5:20 of 1st period - Mark McNeill is hit by Aaron Ness and loses puck.
5:34 of 1st period - Slapshot by Aaron Ness.
5:34 of 1st period - Deflect By Mitch Marner.
5:34 of 1st period - Stopped by Felix Sanstrom with a rebound.
5:36 of 1st period - Minor Penalty to Mark McNeill for Tripping.
5:37 of 1st period - Zac Dalpe wins face-off versus Riley Barber in Admirals zone.
5:38 of 1st period - Snap shot by Matt Calvert.
5:38 of 1st period - Goal by Matt Calvert - Monsters : 2 - Admirals : 2.
5:39 of 1st period - Zac Dalpe wins face-off versus Markus Granlund in neutral zone.
6:28 of 1st period - Wrist shot by Aaron Ness.
6:28 of 1st period - Shot Blocked by Anton Gustafsson.
6:30 of 1st period - Snap shot by Marc Michaelis.
6:30 of 1st period - Deflect By Mark McNeill.
6:30 of 1st period - Stopped by Felix Sanstrom with a rebound.
7:13 of 1st period - Wrist shot by Nicolas Kerdiles.
7:13 of 1st period - Shot Misses the Net.
7:27 of 1st period - Kasper Bjorkqvist is hit by Jared Knight and loses puck.
7:50 of 1st period - Slapshot by Nicolas Deslauriers.
7:50 of 1st period - Stopped by Phoenix Copley without a rebound.
7:51 of 1st period - Markus Granlund wins face-off versus Ryan Fitzgerald in Monsters zone.
8:16 of 1st period - Slapshot by Aaron Ness.
8:16 of 1st period - Deflect By Ryan Fitzgerald.
8:16 of 1st period - Shot Blocked by T.J Brodie.
8:16 of 1st period - Puck is out of play.
8:17 of 1st period - Zac Dalpe wins face-off versus Lucas Wallmark in Admirals zone.
8:30 of 1st period - Morgan Rielly is hit by Andreas Englund and loses puck.
8:49 of 1st period - Andreas Englund is hit by Christian Hanson and loses puck.
9:31 of 1st period - Slapshot by T.J Brodie.
9:31 of 1st period - Shot Misses the Net.
9:49 of 1st period - Zac Dalpe is hit by Blake Geoffrion and loses puck.
9:54 of 1st period - Snap shot by Kasper Bjorkqvist.
9:54 of 1st period - Shot Misses the Net.
9:56 of 1st period - Slapshot by T.J Brodie.
9:56 of 1st period - Stopped by Phoenix Copley with a rebound.
9:58 of 1st period - Slapshot by Josh Morrissey.
9:58 of 1st period - Stopped by Phoenix Copley without a rebound.
9:59 of 1st period - Markus Granlund wins face-off versus Christian Hanson in Monsters zone.
10:48 of 1st period - Jared Knight is hit by Freddie Hamilton and loses puck.
11:11 of 1st period - Slapshot by Marc Michaelis.
11:11 of 1st period - Stopped by Felix Sanstrom with a rebound.
11:13 of 1st period - Snap shot by Aaron Ness.
11:13 of 1st period - Shot Blocked by Christian Djoos.
11:29 of 1st period - Mitch Marner is hit by Markus Granlund and loses puck.
12:12 of 1st period - Snap shot by Mark McNeill.
12:12 of 1st period - Shot Blocked by Joakim Nordstrom.
12:14 of 1st period - Snap shot by Mattias Backman.
12:14 of 1st period - Stopped by Phoenix Copley without a rebound.
12:15 of 1st period - Christian Hanson wins face-off versus Anton Gustafsson in Monsters zone.
12:15 of 1st period - Christian Hanson is hit by Mark McNeill.
12:33 of 1st period - Snap shot by Anton Gustafsson.
12:33 of 1st period - Shot Misses the Net.
12:37 of 1st period - Wrist shot by Nicolas Deslauriers.
12:37 of 1st period - Shot Misses the Net.
12:45 of 1st period - Slapshot by Anton Gustafsson.
12:45 of 1st period - Stopped by Phoenix Copley with a rebound.
12:47 of 1st period - Slapshot by Mattias Backman.
12:47 of 1st period - Deflect By Nicolas Deslauriers.
12:47 of 1st period - Shot Misses the Net.
12:47 of 1st period - Puck is out of play.
12:48 of 1st period - Zac Dalpe wins face-off versus Markus Granlund in Monsters zone.
12:50 of 1st period - Minor Penalty to Zac Dalpe for Kneeing.
12:51 of 1st period - Francis Perron wins face-off versus Markus Granlund in Monsters zone.
13:01 of 1st period - Snap shot by Matt Calvert.
13:01 of 1st period - Goal by Matt Calvert - Monsters : 3 - Admirals : 2.
13:02 of 1st period - Markus Granlund wins face-off versus Francis Perron in neutral zone.
13:33 of 1st period - Snap shot by Kasper Bjorkqvist.
13:33 of 1st period - Stopped by Phoenix Copley with a rebound.
13:35 of 1st period - Slapshot by Josh Morrissey.
13:35 of 1st period - Shot Misses the Net.
14:12 of 1st period - Aaron Ness is hit by Blake Geoffrion.
14:50 of 1st period - Penalty to Zac Dalpe is over, Zac Dalpe is back on ice.
15:21 of 1st period - Snap shot by Nicolas Deslauriers.
15:21 of 1st period - Stopped by Phoenix Copley without a rebound.
15:22 of 1st period - Anton Gustafsson wins face-off versus Ryan Fitzgerald in Monsters zone.
16:09 of 1st period - Snap shot by Ondrej Kase.
16:09 of 1st period - Shot Misses the Net.
16:41 of 1st period - Snap shot by Richard Nejezchleb.
16:41 of 1st period - Shot Misses the Net.
17:01 of 1st period - Snap shot by Nicolas Deslauriers.
17:01 of 1st period - Stopped by Phoenix Copley with a rebound.
17:03 of 1st period - Snap shot by Mark McNeill.
17:03 of 1st period - Shot Misses the Net.
17:21 of 1st period - Zac Dalpe is hit by Brett Connolly.
17:54 of 1st period - Joakim Nordstrom is hit by Nicolas Kerdiles and loses puck.
18:26 of 1st period - Minor Penalty to Mark McNeill for Holding Stick.
18:27 of 1st period - Nicolas Deslauriers wins face-off versus Zac Dalpe in Admirals zone.
18:27 of 1st period - Nicolas Deslauriers is hit by Matt Grzelcyk.
19:00 of 1st period - Anton Gustafsson is hit by Austin Watson and loses puck.
Goals for this period are 3 for Monsters vs 2 for Admirals.
Shots for this period are 8 for Monsters vs 14 for Admirals.
2nd period
0:01 of 2nd period - Zac Dalpe wins face-off versus Riley Barber in neutral zone.
0:16 of 2nd period - Snap shot by Zac Dalpe.
0:16 of 2nd period - Shot Blocked by Nicolas Deslauriers.
0:26 of 2nd period - Penalty to Mark McNeill is over, Mark McNeill is back on ice.
1:08 of 2nd period - Markus Granlund is hit by Joakim Nordstrom.
1:16 of 2nd period - Wrist shot by Jared Knight.
1:16 of 2nd period - Shot Misses the Net.
1:24 of 2nd period - Snap shot by Blake Geoffrion.
1:24 of 2nd period - Stopped by Phoenix Copley with a rebound.
2:22 of 2nd period - Snap shot by Nicolas Kerdiles.
2:22 of 2nd period - Shot Misses the Net.
2:24 of 2nd period - Wrist shot by Nicolas Kerdiles.
2:24 of 2nd period - Shot Misses the Net.
3:19 of 2nd period - Slapshot by Freddie Hamilton.
3:19 of 2nd period - Shot Misses the Net.
4:29 of 2nd period - Snap shot by Nicolas Kerdiles.
4:29 of 2nd period - Shot Misses the Net.
4:31 of 2nd period - Snap shot by Markus Granlund.
4:31 of 2nd period - Stopped by Phoenix Copley with a rebound.
4:47 of 2nd period - Wrist shot by Jared Knight.
4:47 of 2nd period - Goal by Jared Knight - Monsters : 4 - Admirals : 2.
4:47 of 2nd period - Tristan Jarry enters game.
4:48 of 2nd period - Markus Granlund wins face-off versus Zac Dalpe in neutral zone.
5:35 of 2nd period - Slapshot by Aaron Ness.
5:35 of 2nd period - Shot Misses the Net.
5:41 of 2nd period - Morgan Rielly is hit by Kasper Bjorkqvist and loses puck.
6:00 of 2nd period - Slapshot by Matt Calvert.
6:00 of 2nd period - Stopped by Tristan Jarry without a rebound.
6:01 of 2nd period - Markus Granlund wins face-off versus Zac Dalpe in Admirals zone.
6:26 of 2nd period - Wrist shot by Christian Hanson.
6:26 of 2nd period - Deflect By Austin Watson.
6:26 of 2nd period - Stopped by Tristan Jarry without a rebound.
6:27 of 2nd period - Anton Gustafsson wins face-off versus Christian Hanson in Admirals zone.
6:32 of 2nd period - Snap shot by Anton Gustafsson.
6:32 of 2nd period - Shot Misses the Net.
6:53 of 2nd period - Andreas Englund is hit by Christian Hanson and loses puck.
7:36 of 2nd period - Snap shot by Christian Hanson.
7:36 of 2nd period - Shot Misses the Net.
7:38 of 2nd period - Snap shot by Austin Watson.
7:38 of 2nd period - Shot Blocked by Nicolas Deslauriers.
7:40 of 2nd period - Snap shot by Mitch Marner.
7:40 of 2nd period - Shot Misses the Net.
7:42 of 2nd period - Snap shot by Aaron Ness.
7:42 of 2nd period - Stopped by Tristan Jarry without a rebound.
7:43 of 2nd period - Markus Granlund wins face-off versus Zac Dalpe in Admirals zone.
7:43 of 2nd period - Markus Granlund is hit by Zac Dalpe.
7:53 of 2nd period - Slapshot by Ondrej Kase.
7:53 of 2nd period - Shot Misses the Net.
7:58 of 2nd period - T.J Brodie is hit by Morgan Rielly and loses puck.
8:11 of 2nd period - Morgan Rielly is hit by Josh Morrissey and loses puck.
8:15 of 2nd period - Icing by Morgan Rielly.
8:16 of 2nd period - Jared Knight wins face-off versus Markus Granlund in Monsters zone.
8:27 of 2nd period - Slapshot by Joel Armia.
8:27 of 2nd period - Stopped by Phoenix Copley with a rebound.
8:29 of 2nd period - Snap shot by Markus Granlund.
8:29 of 2nd period - Shot Misses the Net.
8:31 of 2nd period - Slapshot by Mattias Backman.
8:31 of 2nd period - Shot Blocked by Morgan Rielly.
9:03 of 2nd period - Wrist shot by Ryan Fitzgerald.
9:03 of 2nd period - Shot Blocked by T.J Brodie.
9:35 of 2nd period - Slapshot by T.J Brodie.
9:35 of 2nd period - Shot Blocked by Dillon Heatherington.
9:59 of 2nd period - Snap shot by Kasper Bjorkqvist.
9:59 of 2nd period - Shot Misses the Net.
10:01 of 2nd period - Slapshot by Blake Geoffrion.
10:01 of 2nd period - Shot Misses the Net.
10:03 of 2nd period - Snap shot by Kasper Bjorkqvist.
10:03 of 2nd period - Shot Misses the Net.
10:27 of 2nd period - Minor Penalty to Ondrej Kase for Charging.
10:28 of 2nd period - Zac Dalpe wins face-off versus Markus Granlund in Monsters zone.
10:39 of 2nd period - Slapshot by Travis Dermott.
10:39 of 2nd period - Stopped by Phoenix Copley without a rebound.
10:40 of 2nd period - Zac Dalpe wins face-off versus Markus Granlund in Monsters zone.
10:51 of 2nd period - Snap shot by Markus Granlund.
10:51 of 2nd period - Stopped by Phoenix Copley without a rebound.
10:52 of 2nd period - Markus Granlund wins face-off versus Zac Dalpe in Monsters zone.
10:57 of 2nd period - Wrist shot by Markus Granlund.
10:57 of 2nd period - Shot Misses the Net.
10:59 of 2nd period - Snap shot by Josh Morrissey.
10:59 of 2nd period - Stopped by Phoenix Copley with a rebound.
11:01 of 2nd period - Slapshot by Josh Morrissey.
11:01 of 2nd period - Stopped by Phoenix Copley with a rebound.
11:03 of 2nd period - Snap shot by T.J Brodie.
11:03 of 2nd period - Shot Misses the Net.
11:05 of 2nd period - Slapshot by Josh Morrissey.
11:05 of 2nd period - Deflect By Zac Dalpe.
11:05 of 2nd period - Stopped by Phoenix Copley with a rebound.
11:07 of 2nd period - Slapshot by T.J Brodie.
11:07 of 2nd period - Deflect By Morgan Rielly.
11:07 of 2nd period - Stopped by Phoenix Copley with a rebound.
11:25 of 2nd period - Wrist shot by Blake Geoffrion.
11:25 of 2nd period - Shot Blocked by Aaron Ness.
11:27 of 2nd period - Wrist shot by Kasper Bjorkqvist.
11:27 of 2nd period - Stopped by Phoenix Copley without a rebound.
11:28 of 2nd period - Markus Granlund wins face-off versus Zac Dalpe in Monsters zone.
11:39 of 2nd period - Wrist shot by Markus Granlund.
11:39 of 2nd period - Stopped by Phoenix Copley with a rebound.
12:00 of 2nd period - Wrist shot by Anton Gustafsson.
12:00 of 2nd period - Stopped by Phoenix Copley with a rebound.
12:02 of 2nd period - Slapshot by T.J Brodie.
12:02 of 2nd period - Shot Blocked by Dillon Heatherington.
12:04 of 2nd period - Wrist shot by Blake Geoffrion.
12:04 of 2nd period - Shot Misses the Net.
12:27 of 2nd period - Penalty to Ondrej Kase is over, Ondrej Kase is back on ice.
12:56 of 2nd period - Slapshot by Aaron Ness.
12:56 of 2nd period - Deflect By Richard Nejezchleb.
12:56 of 2nd period - Shot Misses the Net.
12:56 of 2nd period - Puck is out of play.
12:57 of 2nd period - Anton Gustafsson wins face-off versus Ryan Fitzgerald in Admirals zone.
12:57 of 2nd period - Anton Gustafsson is hit by Ryan Fitzgerald.
13:25 of 2nd period - Snap shot by Blake Geoffrion.
13:25 of 2nd period - Shot Blocked by Tarmo Reunanen.
13:29 of 2nd period - Wrist shot by Blake Geoffrion.
13:29 of 2nd period - Shot Misses the Net.
13:31 of 2nd period - Slapshot by Mattias Backman.
13:31 of 2nd period - Stopped by Phoenix Copley with a rebound.
13:37 of 2nd period - Snap shot by Ryan Fitzgerald.
13:37 of 2nd period - Shot Misses the Net.
14:04 of 2nd period - Freddie Hamilton is hit by Ondrej Kase.
14:15 of 2nd period - Minor Penalty to Matt Calvert for Hooking.
14:16 of 2nd period - Zac Dalpe wins face-off versus Markus Granlund in Monsters zone.
14:16 of 2nd period - Zac Dalpe is hit by T.J Brodie.
15:54 of 2nd period - Kasper Bjorkqvist is hit by Christian Hanson and loses puck.
16:15 of 2nd period - Penalty to Matt Calvert is over, Matt Calvert is back on ice.
16:41 of 2nd period - Minor Penalty to Hunter Shinkaruk for Delaying the game.
16:42 of 2nd period - Zac Dalpe wins face-off versus Mark McNeill in Admirals zone.
17:08 of 2nd period - Mark McNeill is hit by Christian Hanson and loses puck.
18:26 of 2nd period - Minor Penalty to Matt Grzelcyk for Slashing.
18:27 of 2nd period - Markus Granlund wins face-off versus Zac Dalpe in Monsters zone.
18:30 of 2nd period - Slapshot by Markus Granlund.
18:30 of 2nd period - Stopped by Phoenix Copley with a rebound.
18:41 of 2nd period - Penalty to Hunter Shinkaruk is over, Hunter Shinkaruk is back on ice.
18:50 of 2nd period - Wrist shot by Ondrej Kase.
18:50 of 2nd period - Stopped by Tristan Jarry with a rebound.
19:26 of 2nd period - Andreas Englund is hit by Christian Hanson and loses puck.
Goals for this period are 1 for Monsters vs 0 for Admirals.
Shots for this period are 5 for Monsters vs 14 for Admirals.
3rd period
0:01 of 3rd period - Markus Granlund wins face-off versus Zac Dalpe in neutral zone.
0:26 of 3rd period - Penalty to Matt Grzelcyk is over, Matt Grzelcyk is back on ice.
0:33 of 3rd period - Snap shot by Matt Grzelcyk.
0:33 of 3rd period - Deflect By Christian Hanson.
0:33 of 3rd period - Stopped by Tristan Jarry without a rebound.
0:34 of 3rd period - Nicolas Kerdiles wins face-off versus Christian Hanson in Admirals zone.
0:34 of 3rd period - Nicolas Kerdiles is hit by Matt Grzelcyk.
0:37 of 3rd period - Minor Penalty to Markus Granlund for Hooking.
0:38 of 3rd period - Zac Dalpe wins face-off versus Mark McNeill in Admirals zone.
1:12 of 3rd period - Slapshot by Morgan Rielly.
1:12 of 3rd period - Deflect By Mitch Marner.
1:12 of 3rd period - Shot Misses the Net.
1:12 of 3rd period - Puck is out of play.
1:13 of 3rd period - Christian Hanson wins face-off versus Nicolas Kerdiles in Admirals zone.
1:16 of 3rd period - Snap shot by Christian Hanson.
1:16 of 3rd period - Stopped by Tristan Jarry with a rebound.
1:18 of 3rd period - Snap shot by Dillon Heatherington.
1:18 of 3rd period - Deflect By Austin Watson.
1:18 of 3rd period - Stopped by Tristan Jarry without a rebound.
1:19 of 3rd period - Austin Watson wins face-off versus Mark McNeill in Admirals zone.
1:24 of 3rd period - Snap shot by Christian Hanson.
1:24 of 3rd period - Stopped by Tristan Jarry without a rebound.
1:25 of 3rd period - Mark McNeill wins face-off versus Zac Dalpe in Admirals zone.
1:34 of 3rd period - Mark McNeill is hit by Zac Dalpe and loses puck.
1:51 of 3rd period - Mitch Marner is hit by Nicolas Kerdiles and loses puck.
2:37 of 3rd period - Penalty to Markus Granlund is over, Markus Granlund is back on ice.
3:04 of 3rd period - Slapshot by Aaron Ness.
3:04 of 3rd period - Stopped by Tristan Jarry without a rebound.
3:05 of 3rd period - Lucas Wallmark wins face-off versus Ryan Fitzgerald in Admirals zone.
4:07 of 3rd period - Minor Penalty to Joel Armia for High sticking.
4:08 of 3rd period - Nicolas Deslauriers wins face-off versus Zac Dalpe in Admirals zone.
4:41 of 3rd period - Wrist shot by Christian Hanson.
4:41 of 3rd period - Stopped by Tristan Jarry with a rebound.
5:25 of 3rd period - Zac Dalpe is hit by Nicolas Deslauriers and loses puck.
5:50 of 3rd period - Josh Morrissey is hit by Austin Watson and loses puck.
6:07 of 3rd period - Penalty to Joel Armia is over, Joel Armia is back on ice.
6:15 of 3rd period - Slapshot by T.J Brodie.
6:15 of 3rd period - Stopped by Phoenix Copley with a rebound.
6:21 of 3rd period - Slapshot by T.J Brodie.
6:21 of 3rd period - Deflect By Hunter Shinkaruk.
6:21 of 3rd period - Shot Blocked by Tarmo Reunanen.
6:21 of 3rd period - Puck is out of play.
6:22 of 3rd period - Markus Granlund wins face-off versus Ryan Fitzgerald in Monsters zone.
7:07 of 3rd period - Slapshot by Hunter Shinkaruk.
7:07 of 3rd period - Shot Misses the Net.
7:13 of 3rd period - Brett Connolly is hit by Christian Hanson and loses puck.
8:08 of 3rd period - Victor Mete is hit by Mattias Backman and loses puck.
8:33 of 3rd period - Wrist shot by Austin Watson.
8:33 of 3rd period - Shot Blocked by T.J Brodie.
8:35 of 3rd period - Snap shot by Christian Hanson.
8:35 of 3rd period - Shot Misses the Net.
9:09 of 3rd period - Wrist shot by Bobby Farnham.
9:09 of 3rd period - Shot Blocked by Nicolas Deslauriers.
9:11 of 3rd period - Slapshot by Matt Grzelcyk.
9:11 of 3rd period - Deflect By Bobby Farnham.
9:11 of 3rd period - Stopped by Tristan Jarry without a rebound.
9:12 of 3rd period - Jared Knight wins face-off versus Anton Gustafsson in Admirals zone.
9:57 of 3rd period - Minor Penalty to Nicolas Kerdiles for Roughing.
9:58 of 3rd period - Zac Dalpe wins face-off versus Mark McNeill in Admirals zone.
10:01 of 3rd period - Wrist shot by Zac Dalpe.
10:01 of 3rd period - Deflect By Matt Calvert.
10:01 of 3rd period - Shot Misses the Net.
10:01 of 3rd period - Puck is out of play.
10:02 of 3rd period - Ondrej Kase wins face-off versus Mark McNeill in Admirals zone.
10:43 of 3rd period - Backhand shot by Zac Dalpe.
10:43 of 3rd period - Shot Misses the Net.
10:53 of 3rd period - Slapshot by Matt Grzelcyk.
10:53 of 3rd period - Stopped by Tristan Jarry with a rebound.
11:08 of 3rd period - Icing by Matt Grzelcyk.
11:09 of 3rd period - Markus Granlund wins face-off versus Christian Hanson in Monsters zone.
11:10 of 3rd period - Slapshot by T.J Brodie.
11:10 of 3rd period - Deflect By Mitch Marner.
11:10 of 3rd period - Stopped by Phoenix Copley with a rebound.
11:57 of 3rd period - Penalty to Nicolas Kerdiles is over, Nicolas Kerdiles is back on ice.
12:06 of 3rd period - Off-side.
12:07 of 3rd period - Freddie Hamilton wins face-off versus Jared Knight in neutral zone.
12:19 of 3rd period - Snap shot by Joakim Nordstrom.
12:19 of 3rd period - Stopped by Tristan Jarry without a rebound.
12:20 of 3rd period - Christian Hanson wins face-off versus Markus Granlund in Admirals zone.
12:23 of 3rd period - Snap shot by Mitch Marner.
12:23 of 3rd period - Shot Blocked by T.J Brodie.
13:11 of 3rd period - Jared Knight is hit by Blake Geoffrion and loses puck.
13:28 of 3rd period - Richard Nejezchleb is hit by Brett Connolly and loses puck.
13:35 of 3rd period - Wrist shot by Brett Connolly.
13:35 of 3rd period - Shot Blocked by Ryan Fitzgerald.
13:37 of 3rd period - Snap shot by Hunter Shinkaruk.
13:37 of 3rd period - Shot Misses the Net.
13:57 of 3rd period - Off-side.
13:58 of 3rd period - Anton Gustafsson wins face-off versus Zac Dalpe in neutral zone.
14:08 of 3rd period - Minor Penalty to Tarmo Reunanen for Tripping.
14:09 of 3rd period - Zac Dalpe wins face-off versus Joel Armia in Monsters zone.
14:19 of 3rd period - Slapshot by Nicolas Kerdiles.
14:19 of 3rd period - Goal by Nicolas Kerdiles - Monsters : 4 - Admirals : 3.
14:20 of 3rd period - Zac Dalpe wins face-off versus Markus Granlund in neutral zone.
14:47 of 3rd period - Nicolas Deslauriers is hit by Jared Knight and loses puck.
14:58 of 3rd period - Mark McNeill is hit by Joakim Nordstrom and loses puck.
15:12 of 3rd period - Minor Penalty to Matt Grzelcyk for Interference.
15:13 of 3rd period - Zac Dalpe wins face-off versus Markus Granlund in Monsters zone.
15:39 of 3rd period - Anton Gustafsson is hit by Ondrej Kase and loses puck.
16:37 of 3rd period - Dillon Heatherington is hit by Blake Geoffrion and loses puck.
17:12 of 3rd period - Penalty to Matt Grzelcyk is over, Matt Grzelcyk is back on ice.
17:46 of 3rd period - Mattias Backman is hit by Marc Michaelis and loses puck.
18:01 of 3rd period - Nicolas Deslauriers is hit by Mitch Marner and loses puck.
18:08 of 3rd period - Slapshot by Christian Hanson.
18:08 of 3rd period - Stopped by Tristan Jarry with a rebound.
18:14 of 3rd period - Minor Penalty to Mattias Backman for Hooking.
18:15 of 3rd period - Mark McNeill wins face-off versus Zac Dalpe in Admirals zone.
Goals for this period are 0 for Monsters vs 1 for Admirals.
Shots for this period are 10 for Monsters vs 3 for Admirals.